 Dungeon Crawl Stone Soup version 0.24-a0-335-g06ca16a (webtiles) character file.

Game seed: 172460571979525928

60 Borgoz the Twirler (level 4, 0/40 HPs)
             Began as a Gargoyle Gladiator on May 19, 2019.
             Slain by a worker ant (1 damage)
             ... on level 4 of the Dungeon.
             The game lasted 00:03:42 (2163 turns).

Borgoz the Twirler (Gargoyle Gladiator)             Turns: 2163, Time: 00:03:43

Health: 0/40       AC: 22    Str: 18    XL:     4   Next: 4%
Magic:  4/4        EV:  2    Int:  8    God:
Gold:   226        SH:  0    Dex: 12    Spells: 3/3 levels left

rFire    . . .     SeeInvis .   a - +0 quarterstaff
rCold    . . .     Gourm    .   (shield currently unavailable)
rNeg     + + +     Faith    .   (armour currently unavailable)
rPois    ∞         Spirit   .   (helmet currently unavailable)
rElec    .         Reflect  .   (cloak currently unavailable)
rCorr    .         Harm     .   (gloves currently unavailable)
MR       .....     NoTele   +   (boots currently unavailable)
Stlth    +.........             r - amulet of inaccuracy (curse)
HPRegen  0.13/turn              (no ring)
MPRegen  0.09/turn              (no ring)

@: tree-form
A: negative energy resistance 1, petrification resistance, rot immunity, AC +3
a: no special abilities


You were on level 4 of the Dungeon.
You were not hungry.
You were a tree.
You visited 1 branch of the dungeon, and saw 4 of its levels.

You collected 226 gold pieces.

Inventory:

Hand Weapons
 a - a +0 quarterstaff (weapon)
Missiles
 d - 3 throwing nets (quivered)
Armour
 b - a +0 leather armour
 c - a +0 helmet (melded)
 k - a +0 pair of boots (melded)
 w - a +0 ring mail
 y - a cursed +0 leather armour (melded)
Jewellery
 j - an uncursed amulet of faith {unknown}
 r - a cursed amulet of inaccuracy (around neck)
Scrolls
 e - 2 scrolls of immolation {unknown}
 h - 2 scrolls of remove curse {unknown}
 i - a scroll of fear {unknown}
 l - a scroll of enchant armour {unknown}
 n - a scroll of identify {unknown}
 s - 2 scrolls of teleportation {unknown}
 z - 3 scrolls of enchant weapon {unknown}
Potions
 g - 2 potions of lignification
 m - 4 potions of brilliance {unknown}
 o - 2 potions of agility {unknown}
 p - a potion of ambrosia {unknown}
 q - 3 potions of haste {unknown}
 t - 3 potions of degeneration {unknown}
 u - a potion of curing {unknown}
 v - a potion of heal wounds {unknown}
 x - a potion of flight {unknown}
Comestibles
 f - 8 rations
 A - 6 chunks of flesh


   Skills:
 + Level 2.6 Fighting
 * Level 3.6 Staves
 - Level 1.7 Throwing
 + Level 1.4 Armour
 * Level 3.0 Dodging


You had 3 spell levels left.
You didn't know any spells.
Your spell library contained the following spells:

 Spells                   Type           Power        Failure   Level  Hunger
 Animate Skeleton         Necr           N/A          41%         1    ##.....
 Apportation              Tloc           #.....       41%         1    ##.....
 Confusing Touch          Hex            #.....       41%         1    ##.....
 Summon Small Mammal      Summ           #...         41%         1    ##.....


Dungeon Overview and Level Annotations

Branches:
Dungeon (4/15)
 Temple: D:4-7

Altars:
Dithmenos
Wu Jian
The Shining One


Innate Abilities, Weirdness & Mutations

You are resistant to torment.
((Your stone body is resilient. (AC +3)))
You are immune to poison.
You resist negative energy. (rN+)
((You are resistant to electric shocks. (rElec)))
((You can survive without breathing.))
You are immune to petrification.
You are immune to rotting.


Message History

Your +0 pair of boots melds into your body.
Your cursed +0 leather armour melds into your body.
Your roots penetrate the ground.
The worker ant bites you but does no damage.
The worker ant waves its antennae.
The worker ant bites you but does no damage.
There are no items here.
You closely miss the worker ant.
The worker ant is moderately wounded.
The worker ant bites you but does no damage.
The worker ant bites you.
* * * LOW HITPOINT WARNING * * *
The worker ant barely misses you.
You barely miss the worker ant.
The worker ant is moderately wounded.
The worker ant bites you.
* * * LOW HITPOINT WARNING * * *
The worker ant bites you but does no damage.
The worker ant bites you.
You die...

.#.....###.##
........#...#
#..........# #
##......$.. .#
#........# .#. .
#......##....
....#............
#...<.........
#....#♣.......
#....#aa...>..
+.........#...
###..#........
#####.......
....... [......
.......


You could see 2 worker ants.

Vanquished Creatures
  An adder (D:3)
  A worm (D:3)
  2 dart slugs (D:1)
  A leopard gecko (D:3)
  3 giant cockroaches
  5 hobgoblins
  6 kobolds
  2 ball pythons (D:2)
  5 bats
  4 frilled lizards
  5 goblins
  10 rats
45 creatures vanquished.

Notes
Turn   | Place    | Note
-------+----------+-------------------------------------------
     0 | D:1      | Borgoz the Gargoyle Gladiator began the quest for the Orb.
     0 | D:1      | Reached XP level 1. HP: 12/12 MP: 1/1
   111 | D:1      | Reached XP level 2. HP: 18/18 MP: 2/2
   658 | D:2      | Found a glowing golden altar of the Shining One.
   712 | D:2      | Reached XP level 3. HP: 22/22 MP: 3/3
   757 | D:2      | Reached skill level 1 in Armour
  1620 | D:3      | Found an ornate altar of the Wu Jian Council.
  2054 | D:3      | Reached XP level 4. HP: 23/27 MP: 4/4
  2118 | D:3      | Found a shadowy altar of Dithmenos.
  2163 | D:4      | HP: 1/40 [worker ant (2)]
  2163 | D:4      | Slain by a worker ant

Levels and vault maps discovered:
D:1:      lemuel_arrival_river_bridge, layout_basic
D:2:      minmay_spotlight, layout_basic, tso_oasis_becter, bh_walls_and_bars
D:3:      layout_rooms, nicolae_overflow_hidden_temple,
          nicolae_overflow_crystal_walls, first_ration, chequers_mini_garden
D:4:      layout_cave_pools, kennysheep_little_box, yredelemnul_altar_generic,
          vehumet_altar_wand_db

Skill      XL: |  1  2  3 |
---------------+----------+-----
Armour         | 1 |  1.4
Dodging        | 3 |  3.0
Fighting       | |  2.6
Staves         | |  3.6
Throwing       | |  1.7

Action                   |  1- 3 |  4- 6 || total
-------------------------+-------+-------++-------
Melee: Quarterstaff      |   179 |    18 ||   197
  Use: Potion            |       |     1 ||     1
  Eat: Chunk             |     4 |       ||     4
Armor: Leather armour    |    91 |     6 ||    97
       Skin              |       |     4 ||     4
Dodge: Dodged            |   122 |    25 ||   147

Table legend:
 A = Non-vault XP
 B = Vault XP
 C = Vault XP percentage of total XP
 D = Non-vault monster count
 E = Vault monster count
 F = Vault count percentage of total count
                 A         B        C        D         E       F
            +---------+---------+-------+---------+---------+-------
      Total |      82 |       4 |   4.7 |      42 |       3 |   6.7
            +---------+---------+-------+---------+---------+-------
        D:1 |      28 |       0 |   0.0 |      17 |       0 |   0.0
        D:2 |      24 |       4 |  14.3 |      17 |       3 |  15.0
        D:3 |      30 |       0 |   0.0 |       8 |       0 |   0.0
            +---------+---------+-------+---------+---------+-------
